 Dungeon Crawl Stone Soup version 0.14-a0-2340-g8df0fbc (webtiles) character file.

1672 Gorice the Martial Artist (level 8, -3/40 HPs)
             Began as a Vine Stalker Wanderer on Jan 29, 2014.
             Was a Follower of Dithmengos.
             Succumbed to a gnoll sergeant's poison
             ... on Level 7 of the Dungeon on Jan 30, 2014.
             The game lasted 00:50:22 (5097 turns).

Gorice the Martial Artist (Vine Stalker Wanderer)   Turns: 5097, Time: 00:50:22

HP  -3/40        AC 14     Str 15      XL: 8   Next: 73%
MP   9/12        EV 13     Int 12      God: Dithmengos [*.....]
Gold 237         SH  7     Dex 16      Spells:  0 memorised,  7 levels left

rFire  . . .     SeeInvis +     a - +0 short sword (venom)
rCold  + . .     Clarity  .     c - +3 leather armour {rC+}
rNeg   . . .     Conserve .     m - +0 buckler
rPois  .         rCorr    .     E - +2 helmet {SInv}
rElec  .         rRot     +     r - +0 elf cloak
SustAb . .       Spirit   +     t - +2 pair of elf gloves
rMut   .         Warding  .     A - +0 pair of elf boots
Saprov . . .     Stasis   .     (no amulet)
MR     ++...                    k - ring of sustenance
                                l - ring of protection from magic

@: extremely poisoned, wreathed by umbra, very resistant to hostile
enchantments, extremely stealthy
A: fangs 3, regeneration 2, magic shield, antimagic bite, no device heal
a: Renounce Religion


You were on level 7 of the Dungeon.
You worshipped Dithmengos.
Dithmengos was aware of your devotion.
You were not hungry.

You visited 2 branches of the dungeon, and saw 8 of its levels.

You collected 314 gold pieces.
You spent 77 gold pieces at shops.

Inventory:

Hand weapons
 a - a +0,+0 short sword of venom (weapon)
 b - a +0,+0 sling
 p - a +2,+1 elven short sword of protection
 v - a -1,+3 orcish dagger
 w - a +1,+4 flail of holy wrath
Missiles
 g - 20 steel darts (quivered)
 h - 3 javelins
 x - 11 poisoned needles
 B - 45 sling bullets
 F - 11 sling bullets of frost
 Y - a throwing net
 Z - 52 stones
Armour
 c - a +3 leather armour of cold resistance (worn)
 m - a +0 buckler (worn)
 r - a +0 elven cloak (worn)
 s - a +0 cloak
 t - a +2 pair of elven gloves (worn)
 A - a +0 pair of elven boots (worn)
 E - a +2 helmet of see invisible (worn)
Magical devices
 q - a wand of draining (7) {unknown}
Comestibles
 f - 5 bread rations
 H - 2 chunks of iguana flesh
Scrolls
 i - a scroll of remove curse
 o - 2 scrolls of recharging {unknown}
 y - 4 scrolls of teleportation
 D - a scroll of curse weapon {unknown}
 G - a scroll of identify
Jewellery
 d - an uncursed ring of flight
 k - a ring of sustenance (right hand)
 l - a ring of protection from magic (left hand)
 u - an uncursed ring of positive energy
Potions
 e - a potion of porridge
 j - 2 potions of invisibility
 n - 2 potions of berserk rage {unknown}
 z - 6 potions of curing
Magical staves
 C - an uncursed staff of summoning


   Skills:
 - Level 3.1 Fighting
 - Level 1.7 Staves
 - Level 0.3 Throwing
 + Level 4.7 Dodging
 - Level 2.4 Stealth
 * Level 8.7 Unarmed Combat
 - Level 1.0 Evocations


You had 7 spell levels left.
You didn't know any spells.

Dungeon Overview and Level Annotations

Branches:
Dungeon (7/16)             Temple (1/1) D:4

Altars:
Ashenzari
Cheibriados
Dithmengos
Elyvilon
Fedhas
Kikubaaqudgha
Makhleb
Nemelex Xobeh
Sif Muna
Trog
Vehumet
Xom
Yredelemnul
Zin
The Shining One

Shops:
D:4 [   D:6 (   D:7 *


Innate Abilities, Weirdness & Mutations

You have razor-sharp teeth.
You heal very quickly.
When hurt, damage is shared between your health and your magic reserves.
Your bite disrupts and absorbs the magic of your enemies.
Potions and wands cannot restore your HP.


Message History

You closely miss the gnoll sergeant.
The gnoll sergeant is moderately wounded.
You feel sick.
You feel a little better.
The gnoll sergeant hits you but does no damage.
You are more poisoned.
The gnoll sergeant blocks your attack.
The gnoll sergeant is moderately wounded.
You feel very sick.
The gnoll sergeant hits you with a spear of venom.
You are more poisoned.
You hit the gnoll sergeant but do no damage.
The gnoll sergeant is heavily wounded.
* * * LOW HITPOINT WARNING * * *
You feel extremely sick.
The gnoll sergeant hits you but does no damage.
You hit the gnoll sergeant.
The gnoll sergeant looks even sicker.
You bite the gnoll sergeant, but do no damage.
The gnoll sergeant is heavily wounded.
You die... r

#.# #.# #.# #.# #######.#
.# .......#.# .#
#.......#.########..##.
..........(g@......[....
#.......#.########..#...
.........................
#......(##...............
#.....(.##.###.).#..#..
#....(..##.# #...#..#...
...(..####.# #.%.........
......####.###......###.
...................###.#


You could see a gnoll sergeant.

Vanquished Creatures
  Edmund (D:5)
  Menkaure (D:5)
  The ghost of Econoterrorist the Scratcher, an average FeTm of Ashenzari (D:4)
  A sky beast (D:5)
  A phantom (D:7)
  A centaur (D:5)
  An ogre (D:5)
  Sigmund (D:4)
  A gnoll sergeant (D:5)
  A goliath beetle (D:6)
  2 iguanas
  An orc priest (D:6)
  6 hounds
  A scorpion (D:7)
  An orc wizard (D:6)
  A worker ant (D:5)
  A hound skeleton (D:5)
  8 gnolls
  4 adders
  A steam dragon skeleton (D:6)
  2 giant mites
  A worm (D:3)
  A gnoll skeleton (D:5)
  4 giant geckos
  An ooze (D:1)
  9 orcs
  2 ball pythons (D:4)
  10 bats
  8 hobgoblins
  6 jackals
  3 quokkas
  3 giant cockroaches
  3 giant newts
  12 goblins
  A hobgoblin zombie (D:7)
  A jackal zombie (D:7)
  15 kobolds
  13 rats
131 creatures vanquished.

Notes
Turn   | Place    | Note
--------------------------------------------------------------
     0 | D:1      | Gorice, the Vine Stalker Wanderer, began the quest for the Orb.
     0 | D:1      | Reached XP level 1. HP: 11/11 MP: 1/1
   165 | D:1      | Reached skill level 3 in Fighting
   165 | D:1      | Reached XP level 2. HP: 13/16 MP: 3/3
   573 | D:1      | Reached XP level 3. HP: 18/20 MP: 4/4
  1196 | D:2      | Found a glowing golden altar of the Shining One.
  1277 | D:2      | Reached skill level 1 in Dodging
  1286 | D:2      | Found a snail-covered altar of Cheibriados.
  2000 | D:3      | Reached XP level 4. HP: 20/24 MP: 5/5
  2525 | D:4      | Noticed Sigmund
  2538 | D:4      | Killed Sigmund
  2538 | D:4      | Reached skill level 4 in Unarmed Combat
  2538 | D:4      | Reached XP level 5. HP: 24/28 MP: 7/7
  2755 | D:4      | Found a staircase to the Ecumenical Temple.
  2766 | D:4      | Found Haafanem's Antique Armour Emporium.
  2809 | D:4      | Gained mutation: You heal very quickly. [vine stalker growth]
  2809 | D:4      | Reached XP level 6. HP: 32/32 MP: 9/9
  2816 | D:4      | Bought a shiny helmet for 45 gold pieces
  2819 | D:4      | Bought a pair of elven boots for 32 gold pieces
  2894 | D:4      | Reached skill level 5 in Unarmed Combat
  3010 | Temple   | Entered the Ecumenical Temple
  3199 | D:4      | Noticed Econoterrorist's ghost (average FeTm)
  3216 | D:4      | Killed Econoterrorist's ghost
  3398 | D:5      | Entered Level 5 of the Dungeon
  3433 | D:5      | Reached XP level 7. HP: 14/36 MP: 6/10
  3461 | D:5      | Found a shadowy altar of Dithmengos.
  3487 | D:5      | Became a worshipper of Dithmengos
  3500 | D:5      | Noticed Edmund
  3526 | D:5      | Killed Edmund
  3526 | D:5      | Reached skill level 6 in Unarmed Combat
  3621 | D:5      | Upgraded the game from 0.14-a0-2327-g5ff15cf to 0.14-a0-2340-g8df0fbc
  3817 | D:5      | Reached skill level 7 in Unarmed Combat
  3830 | D:5      | Noticed Menkaure
  3842 | D:5      | Killed Menkaure
  3842 | D:5      | Gained mutation: You have razor-sharp teeth. [vine stalker growth]
  3842 | D:5      | Reached XP level 8. HP: 8/40 MP: 4/12
  4390 | D:6      | Reached skill level 8 in Unarmed Combat
  4543 | D:6      | Found Cutypsas' Antique Weapon Emporium.
  4928 | D:7      | Found Twoas' General Store.
  5097 | D:7      | Succumbed to a gnoll sergeant's poison

Action                   |  1- 3 |  4- 6 |  7- 9 || total
-------------------------+-------+-------+-------++-------
Melee: Unarmed           |    77 |       |       ||    77
       Short sword       |    93 |   109 |   182 ||   384
       Flail             |       |       |    12 ||    12
 Fire: Sling             |       |    35 |    89 ||   124
Throw: Dart              |    62 |    23 |     6 ||    91
       Javelin           |       |     3 |       ||     3
       Throwing net      |       |       |     1 ||     1
  Use: Scroll            |     7 |     7 |     2 ||    16
 Stab: Sleeping          |     2 |       |       ||     2
       Held in net/web   |       |       |     2 ||     2
